 Dungeon Crawl Stone Soup version 0.31.0-12-g77e489cdc1 (webtiles) character file.

Game seed: 11891821781200189680

1546 peterlawrence the Basher (level 8, -2/64 (68) HPs)
             Began as a Minotaur Fighter on Feb 19, 2024.
             Slain by Jeremiah the cane toad (19 damage)
             ... on level 6 of the Dungeon.
             The game lasted 00:06:26 (3611 turns).

peterlawrence the Basher (Minotaur Fighter)         Turns: 3611, Time: 00:06:27

HP:   -2/64 (68)    AC: 10    Str: 22    XL:     8   Next: 57%
MP:   7/7           EV:  8    Int:  5    God:
Gold: 317           SH:  6    Dex: 11    Spells: 7/7 levels left

rFire   . . .        s - +2 mace (heavy)
rCold   . . .        c - +1 buckler
rNeg    . . .        l - +0 chain mail
rPois   .            (helmet restricted)
rElec   .            (no cloak)
rCorr   .            (no gloves)
SInv    +            (no boots)
Will    .....        h - amulet of regeneration Stlth
                     q - ring of see invisible
HPRegen 1.10/turn    (no ring)
MPRegen 0.10/turn

%: no passive effects
@: lethally poisoned (-2 -> -5), drained
A: horns 2, retaliatory headbutt
a: no special abilities


You were on level 6 of the Dungeon.
You visited 1 branch of the dungeon, and saw 8 of its levels.

You collected 317 gold pieces.

Inventory:

Hand Weapons
 a - a +0 flail
 s - a +2 heavy mace (weapon)
Armour
 c - a +1 buckler (worn)
 l - a +0 chain mail (worn)
Jewellery
 h - an amulet of regeneration (around neck)
 m - a ring of ice
 q - a ring of see invisible (left hand)
 y - an amulet of guardian spirit
Wands
 b - a wand of roots (19)
 x - a wand of polymorph (7)
Scrolls
 g - 3 scrolls of teleportation
 j - 3 scrolls of enchant armour
 u - 2 scrolls of acquirement {unknown}
 v - a scroll of fog {unknown}
 w - a scroll of blinking {unknown}
Potions
 d - a potion of heal wounds
 e - 2 potions of enlightenment
 f - 2 potions of curing
 t - a potion of magic
 z - a potion of cancellation {unknown}


   Skills:
 - Level 5.0 Fighting
 + Level 11.1 Maces & Flails
 - Level 5.7 Armour
 - Level 1.5 Dodging
 - Level 4.8 Shields


You had 7 spell levels left.
You didn't know any spells.
Your spell library contained the following spells:

 Spells                   Type           Power      Damage    Failure   Level
 Sandblast                Erth           0%         2d4       98%         1
 Passwall                 Erth           0%         N/A       100%        3
 Stone Arrow              Conj/Erth      0%         3d7       100%        3
 Brom's Barrelling Bould  Conj/Erth      0%         2d3       100%        4


Dungeon Overview and Level Annotations

Branches:
Dungeon (8/15)
 Temple: D:4-7         Lair: D:8-11

Altars:
Dithmenos
Nemelex Xobeh
Qazlal
Vehumet
Xom
Zin

Shops:
D:7 (

Annotations:
D:6 Jeremiah


Innate Abilities, Weirdness & Mutations

You have a pair of horns on your head.
You reflexively headbutt those who attack you in melee.


Message History

Something smites you!
* * * LOW HITPOINT WARNING * * *
You bludgeon the butterfly!!
You kill the butterfly!
The butterfly disappears in a burst of colours!
Jeremiah hits you but does no damage.
You feel drained.
Jeremiah hops!
You bludgeon the butterfly!!
You kill the butterfly!
The butterfly disappears in a burst of colours!
Unknown command.
Unknown command.
The butterfly disappears in a burst of colours!
You see here a +0 buckler.
You start resting.
Jeremiah is nearby!
Aiming: Polymorph
Press: ? - help, Shift-Dir - straight line, f - Jeremiah
Aim: Jeremiah, wielding a +2 trident of draining, wearing a +0 robe and wearing an orb of guile (will become a fire bat, a cane toad, or a hornet, chance to affect: 66%) Jeremiah evaporates and reforms as a cane toad!
Unknown command.
Jeremiah stings you!
You hit Jeremiah but do no damage.
You headbutt Jeremiah, but do no damage.
You block Jeremiah's attack.
You sock Jeremiah!
Jeremiah is moderately wounded.
You block Jeremiah's attack. Jeremiah stings you.
You are poisoned.
Jeremiah poisons you!
You hit Jeremiah.
Jeremiah is heavily wounded.
You feel very sick. Jeremiah stings you!!
You are too injured to fight recklessly!
You are too injured to fight recklessly!
You closely miss Jeremiah.
Jeremiah is heavily wounded.
You feel very sick. Jeremiah stings you!!
You die...

#.# #.# #.# . ##.## .
#...########## .
#.........#.. #
#...#####$#.# # #####
#F#.# # ####@#.## #
#.......# #
####.......########## #
..^.................# #
............########.####
####........# #...).
#........# ######
#........# ### #
#.....#.## ..# #


You could see Jeremiah the cane toad.

Vanquished Creatures
  Sigmund (D:2)
  A sky beast (D:7)
  An ice beast (D:6)
  A black bear (D:5)
  3 ogres
  A centaur (D:5)
  A gnoll sergeant (D:5)
  2 scorpions
  The ghost of TheBioAlchemist the Grasshopper, a weakling OnWr (D:3)
  2 howler monkeys (D:5)
  A hound (D:4)
  A bombardier beetle (D:4)
  An orc priest (D:8)
  3 sleepcaps
  Jessica (D:2)
  3 iguanas
  2 orc wizards
  7 adders
  2 gnolls (D:7)
  2 shadow imps (D:6)
  A dart slug (D:3)
  8 orcs
  4 endoplasms
  4 giant cockroaches
  6 goblins
  10 hobgoblins
  4 jackals (D:1)
  3 quokkas
  3 ball pythons
  6 bats
  4 frilled lizards
  6 kobolds
  2 rats
98 creatures vanquished.

Notes
Turn   | Place    | Note
-------+----------+-------------------------------------------
     0 | D:1      | peterlawrence the Minotaur Fighter began the quest for the
                  | Orb.
     0 | D:1      | Reached XP level 1. HP: 19/19 MP: 0/0
   198 | D:1      | Reached XP level 2. HP: 27/27 MP: 1/1
   717 | D:2      | Reached XP level 3. HP: 33/33 MP: 2/2
   717 | D:2      | Noticed Jessica
   726 | D:2      | Killed Jessica
   727 | D:2      | Reached skill level 3 in Maces & Flails
   765 | D:2      | Reached XP level 4. HP: 39/41 MP: 3/3
   877 | D:2      | Found a shimmering altar of Xom.
  1004 | D:2      | Noticed Sigmund
  1017 | D:2      | Killed Sigmund
  1018 | D:2      | Reached skill level 5 in Armour
  1018 | D:2      | Reached skill level 1 in Dodging
  1018 | D:2      | Reached XP level 5. HP: 27/47 MP: 4/4
  1399 | D:3      | Found a runed translucent door.
  1405 | D:3      | Noticed TheBioAlchemist's ghost (weakling OnWr)
  1418 | D:3      | Killed TheBioAlchemist's ghost
  1419 | D:3      | Reached skill level 5 in Fighting
  1419 | D:3      | Reached skill level 4 in Maces & Flails
  1419 | D:3      | Reached XP level 6. HP: 41/56 MP: 5/5
  1625 | D:3      | Found a faded altar of an unknown god.
  2084 | D:4      | Reached skill level 5 in Maces & Flails
  2520 | D:5      | Entered Level 5 of the Dungeon
  2530 | D:5      | Reached skill level 6 in Maces & Flails
  2530 | D:5      | Reached XP level 7. HP: 61/61 MP: 6/6
  2724 | D:5      | Found a shadowy altar of Dithmenos.
  2724 | D:5      | Found a radiant altar of Vehumet.
  2732 | D:5      | Found a sparkling altar of Nemelex Xobeh.
  2734 | D:5      | Found a stormy altar of Qazlal.
  2736 | D:5      | Found a glowing silver altar of Zin.
  2831 | D:5      | Reached skill level 7 in Maces & Flails
  2915 | D:5      | Reached skill level 8 in Maces & Flails
  3175 | D:6      | Noticed Jeremiah
  3265 | D:6      | Reached skill level 9 in Maces & Flails
  3265 | D:6      | Reached XP level 8. HP: 48/65 MP: 7/7
  3377 | D:6      | You fall into a shaft and drop 2 floors!
  3464 | D:7      | Reached skill level 10 in Maces & Flails
  3527 | D:7      | Found Seikhorgh's Hydra Hut.
  3562 | D:6      | Reached skill level 11 in Maces & Flails
  3606 | D:6      | Jeremiah changed into Jeremiah the cane toad
  3606 | D:6      | Noticed Jeremiah
  3611 | D:6      | Slain by Jeremiah the cane toad

Illustrated notes

Levels and vault maps discovered:
D:1:      erik_arrival_blinker_ship, layout_loops_cross, minmay_pentomino_x2
D:2:      layout_loops_ring, basic_altar, uniq_jessica, uniq_sigmund
D:3:      layout_basic, ebering_ghost_sewer_d, shapermc_ecumenical_altar_petra,
          chequers_hall_statues_y
D:4:      layout_rooms, serial_forest, infiniplex_forest_clump_small,
          infiniplex_forest_clump_long, infiniplex_forest_end_1,
          infiniplex_forest_3_way, infiniplex_forest_lined_3_way,
          infiniplex_forest_clump_large, infiniplex_forest_lined_2,
          infiniplex_forest_straight_5
D:5:      minmay_spotlight, layout_basic, chequers_temple_overflow_minitemple
D:6:      layout_loops_ring, amethyst_overflow_temple_binary,
          amcnicky_mini_rare_corridor_liquid, serial_bayou_pond_a, uniq_grinder,
          uniq_jeremiah, uniq_duvessa
D:7:      bobbens_index_wilting_gardens, layout_basic,
          minmay_temple_entry_ruins, doesnt_shop_hydraphobe,
          uniq_crazy_yiuf_cottage, uniq_menkaure
D:8:      layout_gridville, trog_butcher_becter, serial_co_window_serial,
          co_window_of_opportunity_a, co_window_corner_a, co_window_paths_b,
          co_window_paths_b, co_window_paths_a, co_window_paths_a,
          co_window_corner_b, co_window_unsneaky_path_b, co_window_broadway_a,
          co_window_broadway_c, co_window_corner_b, co_window_paths_e, uniq_grum

Skill      XL: |  1  2  3  4  5  6  7  8 |
---------------+-------------------------+-----
Fighting       | 4 5 |  5.0
Armour         | 4 5 |  5.7
Shields        | 4 |  4.8
Maces & Flails | 3 4 6 9 11 | 11.1
Dodging        | 1 |  1.5

Action                     |  1- 3 |  4- 6 |  7- 9 || total
---------------------------+-------+-------+-------++-------
  Melee: Flail             |    65 |    56 |       ||   121
         Headbutt          |     4 |    21 |    22 ||    47
         Mace              |       |    45 |   106 ||   151
  Evoke: Wand              |       |       |     1 ||     1
    Use: Scroll            |       |     3 |    10 ||    13
         Potion            |       |     1 |     4 ||     5
 Armour: Scale mail        |    61 |     9 |       ||    70
         Chain mail        |       |    61 |   105 ||   166
         Skin              |       |     4 |       ||     4
  Dodge: Dodged            |    54 |    39 |    40 ||   133
  Block: Buckler           |    17 |    19 |    43 ||    79
